 Dungeon Crawl Stone Soup version 0.20.1-1-g8b1a95d (webtiles) character file.

123 Linguinho the Ruffian (level 4, -2/44 HPs)
             Began as a Troll Monk on Nov 13, 2017.
             Slain by a gnoll
             ... wielding a +0 halberd
              (7 damage)
             ... on level 3 of the Dungeon.
             The game lasted 00:02:13 (1622 turns).

Linguinho the Ruffian (Troll Monk)                  Turns: 1622, Time: 00:02:14

Health: -2/44      AC:  5    Str: 20    XL:     4   Next: 80%
Magic:  3/3        EV: 11    Int:  6    God:
Gold:   112        SH:  0    Dex: 12    Spells: 3/3 levels left

rFire    . . .     SeeInvis .     - Unarmed
rCold    . . .     Gourm    +   (no shield)
rNeg     . . .     Faith    .   a - +0 robe
rPois    .         Spirit   .   (helmet restricted)
rElec    .         Reflect  .   (no cloak)
rCorr    .         Harm     .   (gloves unavailable)
MR       .....                  (boots unavailable)
Stlth    ++........             (no amulet)
Regen    0.6/turn               (no ring)
MPRegen  0.1/turn               (no ring)

@: no status effects
A: unfitting armour, claws 3, fast metabolism 3, gourmand, regeneration 1,
shaggy fur 1, tough skin 2
a: no special abilities


You were on level 3 of the Dungeon.
You were full.

You visited 1 branch of the dungeon, and saw 3 of its levels.

You collected 112 gold pieces.

Inventory:

Armour
 a - a +0 robe (worn)
Jewellery
 l - a cursed ring of loudness {unknown}
Scrolls
 f - 3 scrolls of identify {unknown}
 k - a scroll of random uselessness {unknown}
Potions
 e - 2 potions of lignification {unknown}
 g - a potion of curing {unknown}
 h - a potion of degeneration {unknown}
 i - a potion of magic {unknown}
 j - a potion of heal wounds {unknown}
Comestibles
 b - 3 bread rations
 c - 2 meat rations
 d - a royal jelly


   Skills:
 + Level 2.9 Fighting
 + Level 3.0 Dodging
 - Level 1.0 Stealth
 + Level 4.6 Unarmed Combat


You had 3 spell levels left.
You didn't know any spells.

Dungeon Overview and Level Annotations

Branches:
Dungeon (3/15)

Altars:
Trog
Yredelemnul
The Shining One


Innate Abilities, Weirdness & Mutations

You are too large for most types of armour.
You have claws for hands.
Your metabolism is lightning-fast.
You like to eat raw meat.
Your natural rate of healing is unusually fast.
You are covered in fur. (AC +1)
You have very tough skin. (AC +2)


Message History

The gnoll hits you from afar with a halberd.
* * * LOW HITPOINT WARNING * * *
You are too injured to fight recklessly!
You are too injured to fight recklessly!
You are too injured to fight recklessly!
You are too injured to fight recklessly!
You are too injured to fight recklessly!
You are too injured to fight recklessly!
You are too injured to fight recklessly!
You are too injured to fight recklessly!
You are too injured to fight recklessly!
You are too injured to fight recklessly!
You are too injured to fight recklessly!
You are too injured to fight recklessly!
You closely miss the orc. The orc priest completely misses you.
You barely miss the orc priest. The orc barely misses you.
The gnoll hits you with a flail.
* * * LOW HITPOINT WARNING * * *
The gnoll hits you from afar with a halberd!
You die...

#.............#
.....####.†...........#
......................#
........#........>.##..
..........##.....### .
........######...####
.....g..# ##).......#
......g.###..######....
......g@.).....>.# #..
......oo###......... .
......... ..........
....................
............########
.............
.......#####. ..>....
..


You could see an orc priest, 3 gnolls and an orc.

Vanquished Creatures
  4 adders
  A gnoll (D:3)
  2 oozes (D:1)
  2 worms (D:2)
  3 dart slugs
  3 leopard geckos
  An orc (D:3)
  5 bats
  2 giant cockroaches
  3 goblins
  6 hobgoblins
  6 jackals
  5 frilled lizards
  4 kobolds
  9 rats
56 creatures vanquished.

Vanquished Creatures (others)
  A kobold (D:2)
1 creature vanquished.

Grand Total: 57 creatures vanquished

Notes
Turn   | Place    | Note
-------+----------+-------------------------------------------
     0 | D:1      | Linguinho the Troll Monk began the quest for the Orb.
     0 | D:1      | Reached XP level 1. HP: 22/22 MP: 0/0
   116 | D:1      | Reached XP level 2. HP: 29/29 MP: 1/1
   467 | D:1      | Reached XP level 3. HP: 36/36 MP: 2/2
   781 | D:2      | Found a bloodstained altar of Trog.
   888 | D:2      | Reached skill level 4 in Unarmed Combat
   989 | D:2      | Found a basalt altar of Yredelemnul.
   991 | D:2      | Noticed a profane servitor
  1000 | D:2      | Found a glowing golden altar of the Shining One.
  1016 | D:2      | Reached XP level 4. HP: 44/44 MP: 3/3
  1087 | D:2      | Found a faded altar of an unknown god.
  1526 | D:2      | Noticed an angel
  1622 | D:3      | Slain by a gnoll

Skill      XL: |  1  2  3  4 |
---------------+-------------+-----
Unarmed Combat | 4 |  4.6
Dodging        | 3 |  3.0
Fighting       | |  2.9
Stealth        | |  1.0

Action                   |  1- 3 |  4- 6 || total
-------------------------+-------+-------++-------
Melee: Unarmed           |    77 |    52 ||   129
       Punch             |       |     1 ||     1
 Stab: Sleeping          |     4 |     1 ||     5
  Eat: Chunk             |    10 |     7 ||    17
Armor: Robe              |    20 |    16 ||    36
Dodge: Dodged            |    38 |    38 ||    76
